 Dungeon Crawl Stone Soup version 0.30.1-11-g7821555f0a (webtiles) character file.

Game seed: 5557969888043560935

46 fireball365 the Trooper (level 3, 0/33 HPs)
             Began as a Hill Orc Fighter on Dec 3, 2023.
             Slain by a gnoll
             ... wielding a +0 spear
              (6 damage)
             ... on level 2 of the Dungeon.
             The game lasted 00:01:59 (1200 turns).

fireball365 the Trooper (Hill Orc Fighter)          Turns: 1200, Time: 00:02:00

Health: 0/33       AC:  7    Str: 20    XL:     3   Next: 68%
Magic:  3/3        EV:  9    Int:  8    God:
Gold:   71         SH:  4    Dex: 10    Spells: 2/2 levels left

rFire   . . .        a - +0 war axe
rCold   . . .        c - +0 buckler
rNeg    . . .        b - +0 scale mail
rPois   .            (no helmet)
rElec   .            (no cloak)
rCorr   .            (no gloves)
SInv    .            (no boots)
Will    .....        (no amulet) Stlth
                     (no ring)
HPRegen 0.25/turn    (no ring)
MPRegen 0.08/turn

%: no passive effects
@: no status effects
A: no striking features
a: no special abilities


You were on level 2 of the Dungeon.
You visited 1 branch of the dungeon, and saw 2 of its levels.

You collected 71 gold pieces.

Inventory:

Hand Weapons
 a - a +0 war axe (weapon)
Armour
 b - a +0 scale mail (worn)
 c - a +0 buckler (worn)
Scrolls
 f - 2 scrolls of identify {unknown}
 g - 2 scrolls of enchant armour {unknown}
 i - a scroll of enchant weapon {unknown}
Potions
 d - a potion of might
 e - a potion of invisibility {unknown}
 h - a potion of mutation {unknown}


   Skills:
 + Level 4.0 Fighting
 + Level 3.7 Axes
 + Level 3.7 Armour
 + Level 0.2 Dodging
 + Level 3.7 Shields


You had 2 spell levels left.
You didn't know any spells.
Your spell library was empty.

Dungeon Overview and Level Annotations

Branches:
Dungeon (2/15)

Altars:

Shops:
D:1 =


Message History

You block the frilled lizard's attack.
The frilled lizard attacks as you move away!
You block the frilled lizard's attack.
The frilled lizard attacks as you move away!
You block the frilled lizard's attack.
The ball python hisses angrily.
A rat comes into view.
You hit the rat.
You kill the rat!
You miss the frilled lizard. You barely miss the rat.
You slash the ball python!
You kill the ball python!
The rat bites you but does no damage.
The gnoll hits you from afar with a +0 halberd.
The frilled lizard bites you but does no damage.
You closely miss the frilled lizard. You hit the rat but do no damage.
The rat bites you but does no damage. You block the gnoll's attack.
A hobgoblin comes into view.
The gnoll completely misses you.
The frilled lizard bites you but does no damage.
You block the rat's attack.
The gnoll hits you from afar with a +0 halberd!
The frilled lizard barely misses you. The gnoll barely misses you.
You closely miss the frilled lizard. You hit the rat.
You kill the rat!
A gnoll comes into view. It is wielding a +0 flail.
The gnoll misses you. x2; The frilled lizard closely misses you.
You closely miss the frilled lizard.
The gnoll shouts!
The gnoll hits you from afar with a +0 halberd.
The gnoll closely misses you. The frilled lizard bites you.
You hit the frilled lizard.
You kill the frilled lizard!
The gnoll hits you from afar with a +0 halberd!
* * * LOW HITPOINT WARNING * * *
The gnoll hits you from afar with a +0 spear.
* * * LOW HITPOINT WARNING * * *
The gnoll closely misses you.
The gnoll hits you from afar with a +0 spear.
You die...

#### ...# ### #### ##.#
#.. ..# #.# #.####.#
#.# #.#..#.#### #.#
#.#.......########
#.###.#....#.g.......#
#......<..g..g†@#
#####.#.####..$........
#.#.........#....#.
#.#g#.#.g...#......
#.#g#...#...# #....
#.#.#.......# ....
#......###..# ...
###..... .... ..


You could see 3 gnolls and a hobgoblin.

Vanquished Creatures
  A dart slug (D:1)
  4 ball pythons
  A bat (D:1)
  6 endoplasms (D:1)
  2 goblins (D:1)
  5 hobgoblins (D:1)
  3 jackals (D:1)
  5 frilled lizards
  8 kobolds (D:1)
  8 rats
43 creatures vanquished.

Notes
Turn   | Place    | Note
-------+----------+-------------------------------------------
     0 | D:1      | fireball365 the Hill Orc Fighter began the quest for the
                  | Orb.
     0 | D:1      | Reached XP level 1. HP: 19/19 MP: 1/1
    76 | D:1      | Found Buyqiqy's Jewellery Shop.
    80 | D:1      | Reached XP level 2. HP: 19/27 MP: 2/2
   316 | D:1      | Reached skill level 4 in Fighting
   374 | D:1      | Reached XP level 3. HP: 33/33 MP: 3/3
  1200 | D:2      | Slain by a gnoll

Illustrated notes

Levels and vault maps discovered:
D:1:      nicolae_arrival_washed_ashore, layout_rooms, serial_shops,
          nicolae_shop_crystal, hangedman_glass_teeth, lexackson_kobold_supper
D:2:      layout_basic

Skill      XL: |  1  2 |
---------------+-------+-----
Axes           | 3 |  3.7
Fighting       | 4 |  4.0
Armour         | |  3.7
Dodging        | |  0.2
Shields        | |  3.7

Action                     || total
---------------------------++-------
  Melee: War axe           ||   218
 Armour: Scale mail        ||    47
  Dodge: Dodged            ||    48
  Block: Buckler           ||    31
